 Dungeon Crawl Stone Soup version 0.21-a0-437-ge5bf024 (webtiles) character file.

192 tof the Twirler (level 5, -1/45 HPs)
             Began as a Minotaur Gladiator on Nov 9, 2017.
             Slain by an orc wizard
             ... wielding a cursed -3 dagger
              (2 damage)
             ... on level 3 of the Dungeon.
             The game lasted 00:02:34 (1612 turns).

tof the Twirler (Minotaur Gladiator)                Turns: 1612, Time: 00:02:34

Health: -1/45      AC:  8    Str: 18    XL:     5   Next: 42%
Magic:  4/4        EV:  9    Int:  5    God:
Gold:   136        SH:  0    Dex: 13    Spells: 4/4 levels left

rFire    . . .     SeeInvis .   a - +0 quarterstaff
rCold    . . .     Gourm    .   (shield currently unavailable)
rNeg     . . .     Faith    .   h - +0 chain mail
rPois    .         Spirit   .   c - +0 hat
rElec    .         Reflect  .   (no cloak)
rCorr    .         Harm     .   (no gloves)
MR       .....                  (no boots)
Stlth    ..........             (no amulet)
HPRegen  0.15/turn              l - ring of wizardry
MPRegen  0.09/turn              (no ring)

@: confused
A: retaliatory headbutt, horns 2
a: no special abilities


You were on level 3 of the Dungeon.
You were not hungry.

You visited 1 branch of the dungeon, and saw 3 of its levels.

You collected 136 gold pieces.

Inventory:

Hand Weapons
 a - a +0 quarterstaff (weapon)
Missiles
 d - 3 throwing nets (quivered)
Armour
 c - a +0 hat (worn)
 h - a +0 chain mail (worn)
Jewellery
 l - a ring of wizardry (left hand)
Scrolls
 e - a scroll of random uselessness {unknown}
 g - a scroll of teleportation {unknown}
 i - a scroll of recharging {unknown}
 j - 2 scrolls of remove curse {unknown}
 m - a scroll of noise {unknown}
 n - 3 scrolls of identify {unknown}
 u - a scroll of fear {unknown}
Potions
 k - a potion of magic {unknown}
 o - a potion of agility {unknown}
 p - a potion of lignification {unknown}
 q - a potion of curing {unknown}
 r - a potion of ambrosia {unknown}
 t - a potion of brilliance {unknown}
Comestibles
 b - 2 royal jellies
 f - 2 bread rations
 s - 5 chunks of flesh


   Skills:
 + Level 3.4 Fighting
 * Level 5.2 Staves
 + Level 3.0 Throwing
 + Level 2.2 Armour
 + Level 4.1 Dodging


You had 4 spell levels left.
You didn't know any spells.

Dungeon Overview and Level Annotations

Branches:
Dungeon (3/15)

Altars:


Innate Abilities, Weirdness & Mutations

You reflexively headbutt those who attack you in melee.
You have a pair of horns on your head.


Message History

The orc wizard casts a spell at you. The magic dart hits you!
* * * LOW HITPOINT WARNING * * *
You hear some strange, mumbled words.
A puff of flame appears from out of thin air!
The puff of flame misses you.
The orc wizard hits you but does no damage.
The orc barely misses you.
You bump into the rock wall.
The orc wizard hits you but does no damage.
You hear some strange, mumbled words.
A puff of flame appears from out of thin air!
The puff of flame hits you!
* * * LOW HITPOINT WARNING * * *
The orc completely misses you.
You completely miss something.
The orc wizard hits you but does no damage.
Something hits you but does no damage. The orc wizard closely misses you.
The orc hits you but does no damage. The orc wizard hits you with a dagger.
You die...

.# ### .### ..# ?%..
#########)###..###
#...#.[.#.##.>... #
#.#.$..........#
#.#oo$..$...##...###
#.{.@.$.[..†.......#
##############.#.###
#.#.#...##
#[.......#
#.#.#....#
#.#.###... #.#.# ..
#.#.. . #.#######.


You could see an orc wizard and an orc.

Vanquished Creatures
  A bullfrog (D:2)
  4 gnolls (D:2)
  2 adders (D:2)
  2 oozes (D:2)
  A worm (D:2)
  2 dart slugs (D:1)
  A leopard gecko (D:1)
  5 giant cockroaches
  10 goblins
  10 hobgoblins
  8 bats
  3 frilled lizards
  3 kobolds
  7 rats
59 creatures vanquished.

Notes
Turn   | Place    | Note
-------+----------+-------------------------------------------
     0 | D:1      | tof the Minotaur Gladiator began the quest for the Orb.
     0 | D:1      | Reached XP level 1. HP: 18/18 MP: 0/0
    31 | D:1      | Reached XP level 2. HP: 22/25 MP: 1/1
   110 | D:1      | Reached skill level 4 in Staves
   169 | D:1      | Reached skill level 1 in Armour
   176 | D:1      | Reached XP level 3. HP: 20/30 MP: 2/2
   689 | D:2      | Noticed a bullfrog
   698 | D:2      | Killed a bullfrog
   698 | D:2      | Reached XP level 4. HP: 24/38 MP: 3/3
   707 | D:2      | Found a faded altar of an unknown god.
   958 | D:2      | Reached skill level 5 in Staves
   958 | D:2      | Reached XP level 5. HP: 45/45 MP: 4/4
  1610 | D:3      | HP: 1/45 [something/puff of flame (5)]
  1612 | D:3      | Slain by an orc wizard

Vault maps used:
D:1:      sevenhm_arrival_forest_fort_small_5
D:2:      chequers_ecumenical_altar_lobes, glass_columns_a,
          grunt_decor_one_mirror, serial_bayou_pond_d
D:3:      first_bread

Skill      XL: |  1  2  3  4  5 |
---------------+----------------+-----
Staves         | 4 5 |  5.2
Armour         | 1 2 |  2.2
Fighting       | 3 |  3.4
Dodging        | 4 |  4.1
Throwing       | 3 |  3.0

Action                   |  1- 3 |  4- 6 || total
-------------------------+-------+-------++-------
Melee: Quarterstaff      |    67 |    59 ||   126
       Headbutt          |     7 |     7 ||    14
  Eat: Chunk             |       |     2 ||     2
Armor: Leather armour    |     2 |       ||     2
       Chain mail        |    50 |    37 ||    87
Dodge: Dodged            |    46 |    26 ||    72

Table legend:
 A = Spawn XP
 B = Non-spawn XP
 C = Spawn XP percentage of total XP
 D = Spawn monster count
 E = Non-spawn monster count
 F = Spawn count percentage of total count
 G = Total turns spent on level
                    A         B        C        D         E        F      G
               +---------+---------+-------+---------+---------+-------+---------
         Total |       0 |     275 |   0.0 |       0 |      59 |   0.0 |  1612
               +---------+---------+-------+---------+---------+-------+---------
           D:1 |       0 |      50 |   0.0 |       0 |      26 |   0.0 |   593
           D:2 |       0 |     219 |   0.0 |       0 |      29 |   0.0 |   840
           D:3 |       0 |       6 |   0.0 |       0 |       4 |   0.0 |   179
               +---------+---------+-------+---------+---------+-------+---------
